 Dungeon Crawl Stone Soup version 0.22.1-6-g1668fe2 (console) character file.

23 potiron the Charmwright (level 2, 0/26 HPs)
             Began as a Naga Skald on Jan 18, 2019.
             Slain by a crimson imp (2 damage)
             ... summoned by Eustachio
             ... on level 4 of the Dungeon.
             The game lasted 00:04:25 (1961 turns).

potiron the Charmwright (Naga Skald)                Turns: 1961, Time: 00:04:26

Health: 0/26       AC:  3    Str: 13    XL:     2   Next: 95%
Magic:  2/5        EV:  9    Int: 13    God:
Gold:   87         SH:  0    Dex: 10    Spells: 4/5 levels left

rFire    . . .     SeeInvis +   a - +0 spear
rCold    . . .     Gourm    .   (no shield)
rNeg     . . .     Faith    .   b - +0 leather armour
rPois    +         Spirit   .   g - +0 helmet
rElec    .         Reflect  .   (no cloak)
rCorr    .         Harm     .   (no gloves)
MR       .....                  (no barding)
Stlth    +.........             (no amulet)
HPRegen  0.08/turn              (no ring)
MPRegen  0.09/turn              (no ring)

@: about to teleport, infused (expiring), very slow
A: large, see invisible, deformed body, poison resistance, slowness 2, slow
metabolism 1, spit poison 1, AC +0
a: Spit Poison


You were on level 4 of the Dungeon.
You were hungry.

You visited 1 branch of the dungeon, and saw 3 of its levels.

You collected 87 gold pieces.

Inventory:

Hand Weapons
 a - a +0 spear (weapon)
Armour
 b - a +0 leather armour (worn)
 g - a +0 helmet (worn)
Scrolls
 f - a scroll of noise {unknown}
 i - a scroll of identify {unknown}
 j - a scroll of enchant armour {unknown}
Potions
 c - a potion of curing
Comestibles
 d - 5 rations
 h - a chunk of flesh


   Skills:
 + Level 2.0 Fighting
 + Level 2.3 Polearms
 + Level 1.2 Armour
 + Level 1.8 Dodging
 * Level 2.1 Spellcasting
 * Level 3.3 Charms


You had 4 spell levels left.
You knew the following spells:

 Your Spells              Type           Power        Failure   Level  Hunger
a - Infusion              Chrm           ##..         9%          1    ##.....

Your spell library contained the following spells:

 Spells                   Type           Power        Failure   Level  Hunger
 Song of Slaying          Chrm           ##......     12%         2    ###....
 Shroud of Golubria       Chrm/Tloc      #.........   24%         2    ###....
 Regeneration             Chrm/Necr      #.........   43%         3    ####...
 Spectral Weapon          Hex/Chrm       #.......     43%         3    ####...


Dungeon Overview and Level Annotations

Branches:
Dungeon (2/15)

Altars:
Yredelemnul
The Shining One

Annotations:
D:4 Eustachio


Innate Abilities, Weirdness & Mutations

You cannot wear boots.
Your serpentine skin is tough. (AC +0)
You have supernaturally acute eyesight. (SInv)
Armour fits poorly on your strangely shaped body.
Your system is resistant to poisons. (rPois)
You cover ground very slowly.
You have a slow metabolism.
You can spit poison.


Message History

You miss Eustachio.
Eustachio is lightly wounded.
Eustachio mumbles some strange words.
You miss Eustachio.
Eustachio is lightly wounded.
Eustachio hits you with a rapier!
You hit Eustachio but do no damage.
Eustachio is lightly wounded.
The iron imp closely misses you. Eustachio hits you but does no damage.
You hit Eustachio.
Eustachio is moderately wounded.
The crimson imp barely misses you. The iron imp hits you!
* * * LOW HITPOINT WARNING * * *
Eustachio hits you with a rapier.
* * * LOW HITPOINT WARNING * * *
As you read the scroll labeled BAOZAA YHAZUNT, it crumbles to dust.
You feel strangely unstable.
It was a scroll of teleportation.
Your magical infusion is running out.
The crimson imp hits you.
You die...

# .. .###
...######
#......#
#..5...#
#..@@..#
##.5...#
.......#
###.....#
#.....#
#.....#
#.....#
#######


You could see Eustachio, an iron imp and a crimson imp.

Vanquished Creatures
  A giant cockroach (D:1)
  3 goblins
  4 hobgoblins
  2 jackals (D:1)
  3 kobolds
  4 bats
  2 frilled lizards (D:2)
  2 rats (D:2)
21 creatures vanquished.

Notes
Turn   | Place    | Note
-------+----------+-------------------------------------------
     0 | D:1      | potiron the Naga Skald began the quest for the Orb.
     0 | D:1      | Reached XP level 1. HP: 19/19 MP: 3/3
  1085 | D:1      | Reached XP level 2. HP: 25/26 MP: 0/5
  1393 | D:2      | Reached skill level 1 in Armour
  1868 | D:2      | Found a glowing golden altar of the Shining One.
  1870 | D:2      | Noticed an angel
  1885 | D:2      | Found a basalt altar of Yredelemnul.
  1887 | D:2      | Noticed a profane servitor
  1949 | D:2      | You fall through a shaft for 2 floors!
  1949 | D:4      | Noticed Eustachio
  1958 | D:4      | Noticed a crimson imp
  1961 | D:4      | Slain by a crimson imp

Skill      XL: |  1  2 |
---------------+-------+-----
Armour         | 1 |  1.2
Fighting       | |  2.0
Polearms       | |  2.3
Dodging        | |  1.8
Spellcasting   | |  2.1
Charms         | |  3.3

Action                   || total
-------------------------++-------
Melee: Spear             ||    97
 Cast: Infusion          ||     8
 Abil: Spit Poison       ||     1
  Use: Scroll            ||     1
       Potion            ||     1
  Eat: Chunk             ||     2
Armor: Leather armour    ||    28
Dodge: Dodged            ||    33
